 Dungeon Crawl Stone Soup version 0.29.1-1-gd02db6906a (webtiles) character file.

Game seed: 9428165927524127696

65 Demigod47 the Covered (level 3, 0/33 HPs)
             Began as a Minotaur Fighter on Oct 6, 2022.
             Killed from afar by Natasha (5 damage)
             ... with a magic dart
             ... on level 2 of the Dungeon.
             The game lasted 00:03:28 (1764 turns).

Demigod47 the Covered (Minotaur Fighter)            Turns: 1764, Time: 00:03:28

Health: 0/33       AC:  0    Str: 22    XL:     3   Next: 92%
Magic:  2/2        EV: 17    Int:  5    God:
Gold:   103        SH:  0    Dex: 14    Spells: 2/2 levels left

rFire   . . .      SeeInvis .   (weapon currently unavailable)
rCold   . . .      Faith    .   (shield currently unavailable)
rNeg    . . .      Spirit   .   (body armour currently unavailable)
rPois   .          Reflect  .   (helmet currently unavailable)
rElec   .          Harm     .   (cloak currently unavailable)
rCorr   .          Rampage  .   (gloves currently unavailable)
Will    .....                   (boots currently unavailable)
Stlth   +.........              (no amulet)
HPRegen 0.11/turn               (ring currently unavailable)
MPRegen 0.08/turn               (ring currently unavailable)

@: bat-form, flying, slowed, quick
A: fast, flying, no casting, tiny, (horns 2), (retaliatory headbutt)
a: no special abilities


You were on level 2 of the Dungeon.
You were a bat.
You visited 1 branch of the dungeon, and saw 2 of its levels.

You collected 103 gold pieces.

Inventory:

Hand Weapons
 a - a +0 flail (melded)
Missiles
 r - 28 stones (quivered)
 u - 5 poisoned darts
Armour
 b - a +0 scale mail (melded)
 c - a +0 buckler
 t - a +0 kite shield (melded)
Jewellery
 l - a ring of fire
Scrolls
 e - a scroll of identify {unknown}
 i - a scroll of poison {unknown}
 k - a scroll of immolation {unknown}
 m - a scroll of blinking {unknown}
 n - a scroll of enchant weapon {unknown}
 o - a scroll of noise {unknown}
 v - a scroll of vulnerability {unknown}
Potions
 d - 2 potions of might
 f - a potion of magic {unknown}
 g - a potion of ambrosia {unknown}
 h - 2 potions of mutation {unknown}
 j - 2 potions of cancellation {unknown}
 p - 2 potions of brilliance {unknown}
 q - 2 potions of berserk rage {unknown}
 s - a potion of resistance {unknown}


   Skills:
 + Level 4.1 Fighting
 + Level 3.3 Maces & Flails
 + Level 4.6 Armour
 + Level 0.1 Dodging
 + Level 4.0 Shields


You had 2 spell levels left.
You didn't know any spells.
Your spell library contained the following spells:

 Spells                   Type           Power      Damage    Failure   Level
 Ensorcelled Hibernation  Hex/Ice        0%         N/A       63%         2
 Passwall                 Tmut/Erth      0%         N/A       63%         2
 Swiftness                Air            0%         N/A       85%         3


Dungeon Overview and Level Annotations

Branches:
Dungeon (2/15)

Altars:

Annotations:
D:2 Natasha


Innate Abilities, Weirdness & Mutations

You are a bat.
You are tiny and dextrous.
You move quickly.
You are flying.
Your equipment is almost entirely melded.
You are incapable of wielding weapons or throwing items.
You cannot cast spells.
((You have a pair of horns on your head.))
((You reflexively headbutt those who attack you in melee.))


Message History

u - 5 poisoned darts
Found a stone staircase leading down.
A giant cockroach comes into view.
The giant cockroach bites you but does no damage.
You closely miss the giant cockroach. The giant cockroach bites you.
The giant cockroach barely misses you.
You sock the giant cockroach!
You kill the giant cockroach!
r - 28 stones (gained 8)
v - a scroll labelled JOIDGH EPNUURCH Natasha, Servant of Life and Death comes into view.
She is carrying a wand of polymorph (7).
Natasha hisses angrily.
Natasha mewls in sadness.
Natasha is nearby!
Natasha stares at you and mumbles some strange words.
The magic dart hits you.
Natasha zaps a wand.
You turn into a bat.
Your +0 flail melds into your body.
Your +0 kite shield melds into your body.
Your +0 scale mail melds into your body.
You barely miss Natasha. Natasha misses you.
You closely miss Natasha. Natasha claws you.
You hit Natasha but do no damage. Natasha closely misses you.
You hit Natasha but do no damage. Natasha claws you!
You hit Natasha but do no damage. You hit Natasha but do no damage.
Natasha claws you. Natasha barely misses you.
Natasha mumbles some strange words.
Natasha's front paws start to glow.
Natasha casts a spell at you. The magic dart hits you!
Natasha stares at you and mumbles some strange words.
The magic dart hits you!
* * * LOW HITPOINT WARNING * * *
Natasha wildly gestures.
You feel disoriented. Natasha casts a spell at you.
You feel yourself slow down.
Natasha stares at you and mumbles some strange words.
The magic dart hits you.
You die...

#.# #.# #.#.## #.#
#.# #....## #.# #.#
#.....# #.# #.#
##....# #.# #.#
#####.#.## #<# #.#
#......... #.#
#####.# #......##.
#.# #.....#
###########..#...##.
#.# #.#####
#..b.....h.......##.
##.###.##
#.######.###.##.....
........# #.#
#.##.......##
##.###.># #.#
##.##.###.#### #.#
#..# #.# #..##.#
#....# #.# #..# #.#
#.###.# ####.#
##.###..#### #.# #.#
#.### #.#
...........# #.# #.#
#...# ##.#
#...###.##.# #.##
#.# ###.# #...


You could see Natasha.

Vanquished Creatures
  Terence (D:2)
  A worm (D:2)
  A ball python (D:2)
  2 bats (D:1)
  4 endoplasms
  3 giant cockroaches
  A goblin (D:2)
  2 hobgoblins
  7 jackals (D:1)
  3 frilled lizards
  2 kobolds (D:1)
  4 rats (D:1)
31 creatures vanquished.

Notes
Turn   | Place    | Note
-------+----------+-------------------------------------------
     0 | D:1      | Demigod47 the Minotaur Fighter began the quest for the Orb.
     0 | D:1      | Reached XP level 1. HP: 19/19 MP: 0/0
   339 | D:1      | Reached XP level 2. HP: 27/27 MP: 1/1
  1174 | D:2      | Reached XP level 3. HP: 30/33 MP: 2/2
  1405 | D:2      | Noticed Terence
  1413 | D:2      | Killed Terence
  1724 | D:2      | Noticed Natasha
  1764 | D:2      | Killed from afar by Natasha

Illustrated notes

Levels and vault maps discovered:
D:1:      dreamdust_arrival_sigmund_warning, layout_basic
D:2:      layout_loops_ring, skrybe_limestone_x, uniq_terence, uniq_natasha

Skill      XL: |  1  2  3 |
---------------+----------+-----
Fighting       | 4 |  4.1
Armour         | 4 |  4.6
Maces & Flails | 3 |  3.3
Shields        | 4 |  4.0
Dodging        | |  0.1

Action                   || total
-------------------------++-------
Melee: Flail             ||    59
       Headbutt          ||     6
       Unarmed           ||     6
Armor: Scale mail        ||    20
Dodge: Dodged            ||    33
Block: Buckler           ||    16
